 Dungeon Crawl Stone Soup version 0.19-a0-1888-g6ba2374 (webtiles) character file.

165 Naow the Chopper (level 5, -1/41 HPs)
             Began as a Formicid Fighter on Oct 17, 2016.
             Was an Initiate of Ru.
             Slain by a slave (4 damage)
             ... led by Pikel
             ... on level 4 of the Dungeon.
             The game lasted 00:05:21 (2391 turns).

Naow the Chopper (Formicid Fighter)                 Turns: 2391, Time: 00:05:21

Health: -1/41      AC: 10    Str: 24 (26) XL:     5   Next: 75%
Magic:  5/5        EV: 11    Int:  5 (8)  God:    Ru [......]
Gold:   151        SH:  9    Dex:  9 (12) Spells: 0 memorised, 4 levels left

rFire  . . .     SeeInvis +     a - +0 war axe
rCold  . . .     Gourm    .     r - -2 scale mail (curse)
rNeg   . . .     Faith    .     c - +0 shield
rPois  .         Spirit   .     (helmet unavailable)
rElec  .         Dismiss  .     y - +2 cloak
rCorr  .         Reflect  .     (no gloves)
MR     .....     Harm     .     x - +1 pair of boots
Stlth  ..........               (no amulet)
                                (no ring)
                                v - +3 ring of evasion

@: mighty
A: permanent stasis, dig shafts and tunnels, four strong arms, antennae 3, agile
1
a: Dig, Shaft Self, Renounce Religion


You were on level 4 of the Dungeon.
You worshipped Ru.
Ru was noncommittal.
You were not hungry.

You visited 1 branch of the dungeon, and saw 4 of its levels.

You collected 151 gold pieces.

Inventory:

Hand Weapons
 a - a +0 war axe (weapon)
Armour
 b - a +0 scale mail
 c - a +0 shield (worn)
 r - a cursed -2 scale mail (worn)
 x - a +1 pair of boots (worn)
 y - a +2 cloak (worn)
Jewellery
 v - a +3 ring of evasion (left hand)
Wands
 t - a wand of iceblast (6/15)
Scrolls
 e - 2 scrolls of remove curse {unknown}
 g - a scroll of fog {unknown}
 k - 2 scrolls of enchant armour {unknown}
 l - a scroll of teleportation {unknown}
 o - 6 scrolls of identify {unknown}
 q - a scroll of enchant weapon {unknown}
 z - a scroll of magic mapping {unknown}
 A - a scroll of fear {unknown}
Potions
 d - 2 potions of might
 h - 2 potions of curing
 i - a potion of degeneration
 s - a potion of cancellation {unknown}
Comestibles
 f - 2 bread rations
 n - a meat ration
 u - a beef jerky
 w - a royal jelly


   Skills:
 - Level 3.2 Fighting
 + Level 5.5 Axes
 - Level 3.2 Armour
 - Level 3.6 Shields


You had 4 spell levels left.
You didn't know any spells.

Dungeon Overview and Level Annotations

Branches:
Dungeon (4/15)
 Temple: D:4-7

Altars:
Dithmenos
Ru

Annotations:
D:4 Pikel


Innate Abilities, Weirdness & Mutations

You are under a permanent stasis effect.
You can dig through walls and to a lower floor.
Your four strong arms can wield two-handed weapons with a shield.
You have a pair of large antennae on your head. (SInv)
You are agile. (Dex +2)


Message History

The slave hits you.
* * * LOW HITPOINT WARNING * * *
It was a potion of degeneration.
There was something very wrong with that liquid.
You feel weakened.
You feel dopey.
You feel clumsy. You block the slave's attack. You block Pikel's attack.
You block the slave's attack.
It was a potion of curing.
You feel better. You block the slave's attack. You block Pikel's attack.
The slave hits you but does no damage.
It was a potion of cure mutation.
It has a very clean taste.
Pikel hits you but does no damage. The slave barely misses you.
You block the slave's attack.
It was a potion of magic.
Magic courses through your body. You block the slave's attack.
Pikel misses you. The slave hits you.
* * * LOW HITPOINT WARNING * * *
It was a potion of beneficial mutation.
You feel agile.
You feel fantastic! Pikel misses you. The slave closely misses you.
The slave hits you.
You die...

. ...
.....##########
.....pK@......###
.##..ppp........#
#############.##
##.# #.# #.# #.#
##.# ########..#


You could see Pikel and 4 slaves.

Vanquished Creatures
  Terence (D:2)
  7 adders
  2 worms
  A dart slug (D:2)
  4 leopard geckos
  2 orcs (D:3)
  4 bats
  A giant cockroach (D:2)
  11 goblins
  6 hobgoblins
  3 jackals (D:1)
  10 kobolds
  4 quokkas
  3 frilled lizards
  4 rats
63 creatures vanquished.

Notes
Turn   | Place    | Note
-------+----------+-------------------------------------------
     0 | D:1      | Naow the Formicid Fighter began the quest for the Orb.
     0 | D:1      | Reached XP level 1. HP: 18/18 MP: 1/1
    35 | D:1      | Reached XP level 2. HP: 24/24 MP: 2/2
   181 | D:1      | Reached skill level 3 in Axes
   263 | D:1      | Reached XP level 3. HP: 27/29 MP: 3/3
   641 | D:2      | Reached skill level 4 in Axes
   641 | D:2      | Reached XP level 4. HP: 9/35 MP: 4/4
  1114 | D:2      | Found a shadowy altar of Dithmenos.
  1116 | D:2      | Noticed Terence
  1136 | D:2      | Killed Terence
  1158 | D:2      | Reached XP level 5. HP: 30/41 MP: 5/5
  1628 | D:3      | Reached skill level 5 in Axes
  1914 | D:3      | Found a sacrificial altar of Ru.
  1914 | D:3      | Found a faded altar of an unknown god.
  1919 | D:3      | Found a faded altar of an unknown god.
  1921 | D:3      | Found a faded altar of an unknown god.
  1922 | D:3      | Found a faded altar of an unknown god.
  2134 | D:3      | Became a worshipper of Ru the Awakened
  2372 | D:4      | Noticed a slave
  2373 | D:4      | Noticed a slave
  2374 | D:4      | Noticed Pikel
  2375 | D:4      | Noticed a slave
  2375 | D:4      | Noticed a slave
  2390 | D:4      | HP: 2/41 [slave[Pikel] (6)]
  2391 | D:4      | Gained mutation: You are agile. (Dex +2) [potion of beneficial mutation]
  2391 | D:4      | Slain by a slave

Vault maps used:
D:1:      minmay_arrival_radiant_lines, hangedman_decor_growths
D:2:      nicolae_dithmenos_shadow_blocks, uniq_terence
D:3:      chequers_temple_overflow_minitemple, first_bread, minmay_distorted
D:4:      kennysheep_generic_room_15, uniq_natasha, uniq_pikel,
          uniq_crazy_yiuf_cottage

Skill      XL: |  1  2  3  4  5 |
---------------+----------------+-----
Axes           | 3 4 5 |  5.5
Fighting       | |  3.2
Armour         | |  3.2
Shields        | |  3.6

Action                   |  1- 3 |  4- 6 || total
-------------------------+-------+-------++-------
Melee: War axe           |    81 |   129 ||   210
  Use: Potion            |       |     6 ||     6
  Eat: Chunk             |       |     5 ||     5
Armor: Scale mail        |    33 |    56 ||    89
Dodge: Dodged            |    30 |    56 ||    86
Block: Shield            |    45 |    75 ||   120
